 Dungeon Crawl Stone Soup version 0.27-a0-1281-ge233d83751 (webtiles) character file.

Game seed: 11829577705530396860

1489 Delamore the Slinger (level 9, -1/68 HPs)
             Began as a Formicid Hunter on June 14, 2021.
             Was an Initiate of Gozag.
             Slain by a cyan ugly thing (16 damage)
             ... on level 8 of the Dungeon.
             The game lasted 00:07:12 (6622 turns).

Delamore the Slinger (Formicid Hunter)              Turns: 6622, Time: 00:07:12

Health: -1/68      AC:  6    Str: 19    XL:     9   Next: 7%
Magic:  9/9        EV: 11    Int: 12    God:    Gozag
Gold:   199        SH:  0    Dex: 11    Spells: 8/8 levels left

rFire    . . .     SeeInvis +   a - +2 hunting sling (flame)
rCold    . . .     Faith    .   (no shield)
rNeg     . . .     Spirit   .   x - +3 leather armour
rPois    .         Reflect  .   (helmet unavailable)
rElec    .         Harm     .   (no cloak)
rCorr    .         Rampage  .   (no gloves)
Will     .....                  (no boots)
Stlth    +.........             (no amulet)
HPRegen  0.21/turn              (no ring)
MPRegen  0.11/turn              (no ring)

@: no status effects
A: permanent stasis, dig shafts and tunnels, antennae 3, four strong arms
a: Dig, Shaft Self, Renounce Religion, Potion Petition, Call Merchant, Bribe
Branch


You were on level 8 of the Dungeon.
You worshipped Gozag.
Gozag was aware of your devotion.
You visited 2 branches of the dungeon, and saw 9 of its levels.

You collected 272 gold pieces.
You paid 73 gold pieces to Gozag.

Inventory:

Hand Weapons
 a - a +2 hunting sling of flaming (weapon)
 b - a +0 short sword
 v - the +5 spear "Beastbane" {speed, Fly}
   (You found it on level 5 of the Dungeon)

   Attacks with this weapon are significantly faster.
   It grants you flight.
 y - a +3 shortbow of freezing
Missiles
 d - 2 throwing nets
 e - 198 stones (quivered ammo)
 g - 8 javelins
 i - 20 boomerangs
 o - 52 bolts
 z - 23 arrows
Armour
 c - a +1 leather armour
 x - a +3 leather armour (worn)
Jewellery
 p - a ring of see invisible
Scrolls
 j - 2 scrolls of enchant armour
 q - a scroll of enchant weapon
 B - a scroll of identify
Potions
 f - a potion of attraction {unknown}
 h - 2 potions of curing {unknown}
 k - 3 potions of lignification
 l - 2 potions of ambrosia {unknown}
 m - 2 potions of haste {unknown}
 n - a potion of flight {unknown}
 r - a potion of might {unknown}
 s - 4 potions of heal wounds {unknown}
 t - a potion of cancellation {unknown}
 u - a potion of degeneration {unknown}
 A - a potion of brilliance {unknown}


   Skills:
 - Level 5.0 Fighting
 - Level 1.8 Polearms
 - Level 10.1(10.3) Slings
 + Level 2.3 Bows
 + Level 2.9(6.6) Throwing
 - Level 1.7 Dodging
 - Level 1.2 Stealth


You had 8 spell levels left.
You didn't know any spells.
Your spell library was empty.

Dungeon Overview and Level Annotations

Branches:
Dungeon (7/15)             Temple (1/1) D:6

Altars:
Ashenzari
Dithmenos
Gozag
Kikubaaqudgha
Ru
Wu Jian
The Shining One


Innate Abilities, Weirdness & Mutations

You cannot be hasted, slowed, berserked, paralysed or teleported.
You can dig through walls and to a lower floor.
You have a pair of large antennae on your head. (SInv)
Your four strong arms can wield two-handed weapons with a shield.


Message History

You shoot a stone.
The stone closely misses the cyan ugly thing.
You shoot a stone.
The stone closely misses the cyan ugly thing.
You shoot a stone. The stone hits the cyan ugly thing.
The stone burns the cyan ugly thing.
The cyan ugly thing is heavily wounded.
The cyan ugly thing stings you! The cyan ugly thing shocks you!
A vampire mosquito comes into view.
You are too injured to fight recklessly!
The cyan ugly thing closely misses you. The vampire mosquito bites you!
* * * LOW HITPOINT WARNING * * *
The vampire mosquito draws strength from your injuries!
You are too injured to fight recklessly!
Fire: 201 stones
Press: ? - help, Q - select action, (/) - cycle Shift-Dir - straight line, f/p - cyan ugly thing
Aim: a cyan ugly thing (heavily wounded, 66% to hit)
You shoot a stone.
The stone closely misses the cyan ugly thing.
The vampire mosquito buzzes angrily.
The vampire mosquito bites you but does no damage.
The cyan ugly thing barely misses you. The vampire mosquito barely misses you.
Fire: 200 stones
Press: ? - help, Q - select action, (/) - cycle Shift-Dir - straight line, f/p - cyan ugly thing
Aim: a cyan ugly thing (heavily wounded, 66% to hit)
You shoot a stone.
The stone barely misses the cyan ugly thing.
The vampire mosquito bites you but does no damage.
Fire: 199 stones
Press: ? - help, Q - select action, (/) - cycle Shift-Dir - straight line, f/p - cyan ugly thing
Aim: a cyan ugly thing (heavily wounded, 66% to hit)
You shoot a stone.
The stone barely misses the cyan ugly thing.
The vampire mosquito bites you but does no damage.
The cyan ugly thing stings you.
* * * LOW HITPOINT WARNING * * *
The cyan ugly thing shocks you!
You die...
Your body crumbles into a pile of gold.

..(?...(..♣♣♣....
.......(..♣......
y......(.........
.......(......(..
.......(.........
.................
......y.u........
........y@.......
..........(......
.................
.................
.................
.................
.................
.................


You could see a cyan ugly thing and 2 vampire mosquitoes.

Vanquished Creatures
  Duvessa (D:4)
  2 ice beasts (D:5)
  A centaur (D:5)
  An ogre (D:6)
  A phantom (D:5)
  A gnoll sergeant (D:7)
  A scorpion (D:4)
  Dowan (D:4)
  A water moccasin skeleton (D:7)
  A howler monkey (D:4)
  A jelly (D:6)
  A bullfrog zombie (D:6)
  A gnoll shaman (D:5)
  A bullfrog skeleton (D:4)
  3 orc priests (D:5)
  An iguana (D:4)
  A scorpion zombie (D:5)
  3 centaur skeletons
  3 orc wizards
  A killer bee zombie (D:7)
  A hound skeleton (D:5)
  11 gnolls
  2 adders
  An ufetubus (D:5)
  3 worms (D:4)
  3 dart slugs
  18 orcs
  3 endoplasms
  3 giant cockroaches
  8 goblins
  10 hobgoblins
  8 jackals
  4 quokkas
  6 ball pythons
  7 bats
  5 frilled lizards
  8 kobolds
  6 rats
134 creatures vanquished.

Vanquished Creatures (others)
  2 plants (D:8)
2 creatures vanquished.

Grand Total: 136 creatures vanquished

Notes
Turn   | Place    | Note
-------+----------+-------------------------------------------
     0 | D:1      | Delamore the Formicid Hunter began the quest for the Orb.
     0 | D:1      | Reached XP level 1. HP: 16/16 MP: 1/1
   246 | D:1      | Reached XP level 2. HP: 23/23 MP: 2/2
   392 | D:1      | Found a faded altar of an unknown god.
   405 | D:1      | Became a worshipper of the Wu Jian Council
   405 | D:1      | Reached * piety under Wu Jian
   609 | D:1      | Reached skill level 5 in Slings
   616 | D:1      | Reached XP level 3. HP: 28/28 MP: 3/3
  1296 | D:2      | Reached ** piety under Wu Jian
  1341 | D:2      | Reached XP level 4. HP: 35/35 MP: 4/4
  1706 | D:2      | Found an ornate altar of the Wu Jian Council.
  2541 | D:4      | Reached skill level 6 in Slings
  2541 | D:4      | Reached XP level 5. HP: 30/41 MP: 5/5
  2841 | D:4      | Reached XP level 6. HP: 48/48 MP: 6/6
  2984 | D:4      | Noticed Duvessa
  3007 | D:4      | Killed Duvessa
  3008 | D:4      | Reached skill level 7 in Slings
  3127 | D:4      | Noticed Dowan
  3226 | D:4      | Killed Dowan
  3227 | D:4      | Reached XP level 7. HP: 40/55 MP: 7/7
  3477 | D:4      | Reached *** piety under Wu Jian
  3757 | D:4      | Reached skill level 5 in Fighting
  3757 | D:4      | Reached skill level 8 in Slings
  3823 | D:5      | Entered Level 5 of the Dungeon
  3837 | D:5      | Identified the +5 spear "Beastbane" {speed, Fly}
  4210 | D:5      | Reached skill level 9 in Slings
  4210 | D:5      | Reached XP level 8. HP: 51/62 MP: 8/8
  4294 | D:5      | Reached skill level 1 in Polearms
  5347 | D:5      | Reached skill level 10 in Slings
  5621 | D:5      | Found a glowing golden altar of the Shining One.
  6015 | D:6      | Reached skill level 1 in Throwing
  6108 | D:6      | Reached skill level 1 in Bows
  6324 | D:6      | Found a staircase to the Ecumenical Temple.
  6341 | Temple   | Entered the Ecumenical Temple
  6371 | Temple   | Fell from the grace of Wu Jian
  6371 | Temple   | Became a worshipper of Gozag Ym Sagoz the Greedy
  6512 | D:7      | Reached XP level 9. HP: 56/68 MP: 9/9
  6608 | D:7      | You fall into a shaft and drop 1 floor!
  6608 | D:8      | Noticed a cyan ugly thing
  6622 | D:8      | Slain by a cyan ugly thing

Illustrated notes

Levels and vault maps discovered:
D:1:      dpeg_arrival_morbid_curiosity, layout_basic,
          hellmonk_ecumenical_altar_inner_sanctum
D:2:      layout_basic, basic_altar
D:3:      layout_loops_ring
D:4:      layout_basic, uniq_duvessa
D:5:      layout_layer_cave, nicolae_tso_swordbearing_angel
D:6:      layout_loops_ring, temple_fountains, corexii_shack,
          hangedman_decor_growths
D:7:      layout_cave_pools, serial_shops,
          nicolae_shop_temple_entry_statues_fountains, nicolae_shop_statue_plus,
          hex_tiny
D:8:      layout_basic, introduction_to_nature_2
Temple:   regret_index_temple_mists

Skill      XL: |  1  2  3  4  5  6  7  8 |
---------------+-------------------------+-----
Slings         | 5 6 7 9 10 | 10.1
Fighting       | 3 4 5 |  5.0
Polearms       | 1 |  1.8
Throwing       | 2 |  2.9
Bows           | 2 |  2.3
Dodging        | |  1.7
Stealth        | |  1.2

Action                   |  1- 3 |  4- 6 |  7- 9 || total
-------------------------+-------+-------+-------++-------
Melee: Spear             |       |       |    23 ||    23
 Fire: Hunting sling     |    86 |   160 |   189 ||   435
Throw: Javelin           |       |     9 |       ||     9
       Boomerang         |       |     7 |       ||     7
 Abil: Dig               |       |       |     1 ||     1
       Shaft Self        |       |       |     1 ||     1
  Use: Scroll            |     1 |     4 |     7 ||    12
Armor: Leather armour    |     7 |     8 |    14 ||    29
Dodge: Dodged            |    16 |    30 |    36 ||    82

Table legend: (Time is in decaauts)
 A = Elapsed time spent in this place.
 B = Non-inter-level travel time spent in this place.
 C = Inter-level travel time spent in this place.
 D = Time resting spent in this place.
 E = Time spent auto-exploring this place.
 F = Levels seen in this place.
 G = Mean time per level.
                   A        B        C        D        E       F      G
               +--------+--------+--------+--------+--------+-----+--------+
         Total |   6561 |   6235 |    326 |    403 |   5013 |   9 |  729.0 |
       Dungeon |   6509 |   6212 |    297 |    403 |   4994 |   8 |  813.6 |
        Temple |     51 |     22 |     29 |      0 |     19 |   1 |   51.0 |
               +--------+--------+--------+--------+--------+-----+--------+

Top non-repeatable levels by time:
     D:5: 1945 daAuts
     D:4: 1361 daAuts
     D:1: 1237 daAuts
     D:3: 661 daAuts
     D:6: 650 daAuts
     D:2: 538 daAuts
     D:7: 102 daAuts
  Temple: 51 daAuts
     D:8: 11 daAuts
